General information
- name: BNet
- type: Ladder team game (AT/RT)
- host: Battle.net
- saver: AgainstItAll
map: TwilightRuins
- players: 8
- length: 36:27
- speed: Fast
- version: 1.27 W3XP
- replay type: Public
» download(222 KB)
Players
team 1 (loser)
MarvelSuxDC_FTW (
green | 53 APM | 1922 actions | 36:26)
7 Pandaren Brewmaster
3 Breath of Fire
3 Drunken Brawler
1 Storm Earth and Fire
» actions
| Assign group hotkey | 65 | |
| Basic commands | 120 | |
| Build / train | 107 | |
| Enter build submenu | 37 | |
| Enter hero's abilities submenu | 8 | |
| Give item / drop item | 7 | |
| Remove unit from queue | 2 | |
| Right click | 884 | |
| Select / deselect | 348 | |
| Select group hotkey | 203 | |
| Use ability | 141 | |
1922 total
» units
| Wisp | 38 | |
| Archer | 9 | |
| Goblin Shredder | 1 | |
| Goblin Zeppelin | 3 | |
| Goblin Sapper | 18 | |
| Hippogryph | 6 | |
75 total
» upgrades
| Nature's Blessing | 1 | |
| Ultravision | 1 | |
| Well Spring | 1 | |
| Strength of the Wild | 3 | |
| Reinforced Hides | 3 | |
9 total
» buildings
| Moon Well | 32 | |
| Altar of Elders | 1 | |
| Ancient of War | 2 | |
| Hunter's Hall | 2 | |
| Tree of Life | 5 | |
| Tree of Ages | 1 | |
| Ancient Protector | 8 | |
| Tree of Eternity | 1 | |
| Ancient of Wonders | 1 | |
| Ancient of Wind | 4 | |
57 total
» build order
00:19 Moon Well
00:34 Moon Well
00:47 Altar of Elders
01:41 Ancient of War
01:44 Ancient of War
02:14 Hunter's Hall
02:39 Moon Well
02:47 Moon Well
03:48 Tree of Life
04:42 Tree of Ages
05:56 Moon Well
06:00 Moon Well
07:14 Ancient Protector
07:15 Ancient Protector
10:03 Tree of Eternity
10:05 Moon Well
10:05 Moon Well
10:05 Moon Well
10:05 Moon Well
10:06 Moon Well
10:06 Moon Well
10:06 Moon Well
10:06 Moon Well
10:07 Moon Well
10:07 Moon Well
10:07 Moon Well
10:12 Ancient Protector
10:26 Ancient Protector
11:07 Moon Well
11:08 Moon Well
11:08 Moon Well
11:09 Moon Well
11:09 Moon Well
14:29 Moon Well
14:30 Moon Well
14:30 Moon Well
14:31 Moon Well
14:32 Moon Well
14:32 Moon Well
14:33 Moon Well
16:03 Ancient of Wonders
18:18 Tree of Life
18:24 Ancient Protector
18:26 Ancient Protector
18:28 Ancient Protector
18:29 Ancient Protector
19:36 Tree of Life
19:38 Tree of Life
20:25 Tree of Life
24:29 Ancient of Wind
24:29 Ancient of Wind
24:30 Ancient of Wind
24:31 Ancient of Wind
25:17 Hunter's Hall
» items
| Periapt of Vitality | 3 | |
| Boots of Speed | 1 | |
| Staff of Teleportation | 1 | |
| Scroll of Healing | 1 | |
| Scroll of Town Portal | 3 | |
| Potion of Invisibility | 1 | |
| Orb of Lightning | 1 | |
11 total
LIFE-IS-STRANGE (
teal | 46 APM | 1668 actions | 36:26)
5 Blademaster
3 Wind Walk
2 Critical Strike
3 Shadow Hunter
2 Hex
1 Healing Wave
» actions
| Assign group hotkey | 70 | |
| Basic commands | 133 | |
| Build / train | 56 | |
| Enter build submenu | 23 | |
| Enter hero's abilities submenu | 8 | |
| Give item / drop item | 2 | |
| Right click | 521 | |
| Select / deselect | 308 | |
| Select group hotkey | 440 | |
| Use ability | 107 | |
1668 total
» units
| Peon | 13 | |
| Goblin Shredder | 2 | |
| Wind Rider | 5 | |
| Raider | 2 | |
22 total
» upgrades
| Reinforced Defenses | 1 | |
| Envenomed Spears | 1 | |
| Ranged Weapons | 2 | |
| Armor | 2 | |
| Melee Weapons | 1 | |
7 total
» buildings
| Altar of Storms | 1 | |
| Orc Burrow | 6 | |
| Voodoo Lounge | 1 | |
| Stronghold | 1 | |
| War Mill | 1 | |
| Great Hall | 1 | |
| Watch Tower | 31 | |
| Fortress | 1 | |
| Beastiary | 4 | |
47 total
» build order
00:06 Altar of Storms
00:18 Orc Burrow
00:48 Voodoo Lounge
02:09 Stronghold
02:18 War Mill
02:35 Orc Burrow
02:36 Orc Burrow
02:36 Orc Burrow
03:44 Great Hall
04:14 Watch Tower
05:35 Watch Tower
05:36 Watch Tower
05:37 Watch Tower
06:09 Watch Tower
06:54 Fortress
07:12 Watch Tower
07:18 Beastiary
07:19 Beastiary
09:54 Watch Tower
09:55 Watch Tower
09:56 Watch Tower
09:56 Watch Tower
09:57 Watch Tower
09:58 Watch Tower
11:36 Beastiary
11:42 Watch Tower
12:25 Orc Burrow
12:26 Orc Burrow
15:03 Watch Tower
15:03 Watch Tower
15:04 Watch Tower
15:41 Watch Tower
15:45 Watch Tower
15:57 Watch Tower
15:57 Watch Tower
15:57 Watch Tower
16:52 Watch Tower
16:52 Watch Tower
16:53 Watch Tower
16:53 Watch Tower
16:56 Watch Tower
16:56 Watch Tower
16:56 Watch Tower
16:57 Watch Tower
18:26 Watch Tower
18:32 Watch Tower
18:52 Beastiary
» items
| Healing Salve | 5 | |
| Staff of Teleportation | 2 | |
| Potion of Healing | 1 | |
| Boots of Speed | 1 | |
| Potion of Invisibility | 1 | |
| Scroll of Town Portal | 1 | |
| Orb of Lightning | 1 | |
| Tiny Great Hall | 1 | |
13 total

»
sadomator (
pink | 47 APM | 1715 actions | 36:26)
4 Death Knight
2 Unholy Aura
2 Death Coil
» actions
| Basic commands | 240 | |
| Build / train | 52 | |
| Enter build submenu | 15 | |
| Enter hero's abilities submenu | 4 | |
| Remove unit from queue | 2 | |
| Right click | 948 | |
| Select / deselect | 397 | |
| Use ability | 56 | |
1715 total
» units
| Acolyte | 7 | |
| Ghoul | 3 | |
| Crypt Fiend | 14 | |
24 total
» upgrades
| Creature Attack | 2 | |
| Creature Carapace | 2 | |
| Web | 1 | |
5 total
» buildings
| Altar of Darkness | 1 | |
| Ziggurat | 9 | |
| Crypt | 2 | |
| Graveyard | 1 | |
| Nerubian Tower | 4 | |
| Spirit Tower | 5 | |
| Halls of the Dead | 1 | |
| Tomb of Relics | 1 | |
| Slaughterhouse | 1 | |
25 total
» build order
00:04 Altar of Darkness
00:06 Ziggurat
00:13 Crypt
01:11 Graveyard
01:48 Ziggurat
02:08 Nerubian Tower
03:13 Crypt
03:35 Ziggurat
03:48 Spirit Tower
05:26 Halls of the Dead
05:31 Tomb of Relics
06:40 Nerubian Tower
08:35 Ziggurat
09:12 Ziggurat
09:15 Ziggurat
10:09 Nerubian Tower
10:10 Spirit Tower
12:51 Spirit Tower
16:13 Ziggurat
16:17 Ziggurat
17:13 Nerubian Tower
17:25 Spirit Tower
18:46 Ziggurat
19:16 Slaughterhouse
20:10 Spirit Tower
» items
rNz (
orange | 59 APM | 2151 actions | 36:26)
5 Far Seer
2 Feral Spirit
3 Chain Lighting
3 Shadow Hunter
2 Hex
1 Healing Wave
» actions
| Assign group hotkey | 74 | |
| Basic commands | 15 | |
| Build / train | 58 | |
| ESC pressed | 2 | |
| Enter build submenu | 35 | |
| Enter hero's abilities submenu | 8 | |
| Give item / drop item | 6 | |
| Remove unit from queue | 1 | |
| Right click | 710 | |
| Select / deselect | 449 | |
| Select group hotkey | 690 | |
| Use ability | 101 | |
2151 total
» units
» upgrades
| Pillage | 1 | |
| Ranged Weapons | 2 | |
| Envenomed Spears | 1 | |
4 total
» buildings
| Altar of Storms | 1 | |
| Orc Burrow | 7 | |
| Barracks | 1 | |
| Voodoo Lounge | 1 | |
| War Mill | 1 | |
| Stronghold | 1 | |
| Watch Tower | 15 | |
| Beastiary | 2 | |
| Great Hall | 3 | |
| Fortress | 1 | |
33 total
» build order
00:07 Altar of Storms
00:10 Orc Burrow
00:38 Barracks
01:30 Orc Burrow
02:01 Voodoo Lounge
03:04 Orc Burrow
04:18 War Mill
06:01 Stronghold
07:06 Watch Tower
07:08 Watch Tower
07:12 Watch Tower
07:57 Watch Tower
08:11 Watch Tower
08:17 Watch Tower
08:26 Watch Tower
09:19 Watch Tower
09:32 Watch Tower
10:27 Watch Tower
10:31 Watch Tower
11:01 Watch Tower
11:25 Watch Tower
11:37 Beastiary
12:22 Watch Tower
12:39 Beastiary
13:06 Watch Tower
14:05 Great Hall
14:27 Orc Burrow
15:32 Orc Burrow
16:11 Fortress
16:28 Orc Burrow
23:00 Great Hall
24:27 Great Hall
26:42 Orc Burrow
team 2 (winner)
AgainstItAll (
purple | 107 APM | 3891 actions | 36:27)
10 Blademaster
3 Wind Walk
3 Critical Strike
1 Bladestorm
3 Mirror Image
» actions
| Assign group hotkey | 110 | |
| Basic commands | 43 | |
| Build / train | 150 | |
| ESC pressed | 1 | |
| Enter build submenu | 54 | |
| Enter hero's abilities submenu | 10 | |
| Give item / drop item | 15 | |
| Right click | 1309 | |
| Select / deselect | 499 | |
| Select group hotkey | 1411 | |
| Use ability | 289 | |
3891 total
» units
| Peon | 12 | |
| Grunt | 5 | |
| Goblin Shredder | 2 | |
| Wind Rider | 4 | |
| Tauren | 5 | |
| Shaman | 3 | |
| Troll Batrider | 6 | |
| Kodo Beast | 1 | |
| Troll Witch Doctor | 1 | |
| Spirit Walker | 1 | |
| Demolisher | 1 | |
41 total
» upgrades
| Berserker Strength | 1 | |
| Pillage | 1 | |
| Armor | 3 | |
| Ranged Weapons | 3 | |
| Envenomed Spears | 1 | |
| Reinforced Defenses | 2 | |
| Melee Weapons | 3 | |
| Shaman Training | 2 | |
| Troll Regeneration | 1 | |
| Berserker Upgrade | 1 | |
| Spiked Barricades | 5 | |
| Pulverize | 1 | |
| Liquid Fire | 1 | |
| Magic Sentry | 1 | |
| War Drums Damage Increase | 1 | |
| Witch Doctor Training | 2 | |
| Spirit Walker Training | 2 | |
| Burning Oil | 1 | |
| Ensnare | 1 | |
33 total
» buildings
| Orc Burrow | 7 | |
| Altar of Storms | 1 | |
| Barracks | 3 | |
| Voodoo Lounge | 1 | |
| Stronghold | 3 | |
| Great Hall | 2 | |
| War Mill | 1 | |
| Watch Tower | 25 | |
| Fortress | 4 | |
| Beastiary | 2 | |
| Spirit Lodge | 2 | |
| Tauren Totem | 2 | |
53 total
» build order
00:07 Orc Burrow
00:12 Orc Burrow
01:09 Altar of Storms
01:12 Barracks
01:49 Voodoo Lounge
02:59 Orc Burrow
04:04 Stronghold
04:04 Stronghold
04:44 Great Hall
05:33 War Mill
06:49 Watch Tower
06:50 Watch Tower
06:54 Watch Tower
06:55 Watch Tower
07:20 Watch Tower
07:24 Fortress
07:24 Fortress
07:24 Fortress
07:47 Watch Tower
07:49 Watch Tower
08:28 Beastiary
08:29 Beastiary
10:07 Watch Tower
10:08 Watch Tower
11:45 Orc Burrow
11:49 Watch Tower
11:50 Watch Tower
12:33 Watch Tower
12:35 Watch Tower
15:16 Spirit Lodge
15:17 Spirit Lodge
15:21 Barracks
15:23 Tauren Totem
16:23 Watch Tower
16:24 Watch Tower
16:59 Tauren Totem
17:29 Watch Tower
17:30 Watch Tower
17:47 Watch Tower
17:48 Watch Tower
18:33 Orc Burrow
18:35 Orc Burrow
18:38 Orc Burrow
19:00 Watch Tower
19:01 Watch Tower
19:03 Watch Tower
23:25 Great Hall
25:24 Watch Tower
25:24 Watch Tower
25:25 Watch Tower
29:23 Barracks
» items
| Healing Salve | 8 | |
| Lesser Clarity Potion | 7 | |
| Gloves of Haste | 2 | |
| Wand of Illusion | 2 | |
| Mechanical Critter | 2 | |
| Scroll of Regeneration | 1 | |
| Staff of Teleportation | 1 | |
| Pendant of Energy | 2 | |
| Orb of Lightning | 1 | |
| Potion of Mana | 1 | |
| Scroll of Town Portal | 1 | |
| Tiny Great Hall | 1 | |
29 total

»
TheDylz (
yellow | 89 APM | 1169 actions | 13:08)
2 Demon Hunter
1 Immolation
1 Evasion
» actions
| Assign group hotkey | 17 | |
| Basic commands | 37 | |
| Build / train | 48 | |
| Enter build submenu | 20 | |
| Enter hero's abilities submenu | 2 | |
| Right click | 554 | |
| Select / deselect | 183 | |
| Select group hotkey | 270 | |
| Use ability | 38 | |
1169 total
» units
» upgrades
| Strength of the Moon | 1 | |
| Sentinel | 1 | |
| Moon Armor | 1 | |
3 total
» buildings
| Moon Well | 9 | |
| Altar of Elders | 2 | |
| Hunter's Hall | 1 | |
| Ancient of War | 2 | |
| Tree of Ages | 1 | |
| Ancient of Wind | 1 | |
| Ancient Protector | 2 | |
18 total
» build order
00:30 Moon Well
01:21 Altar of Elders
01:28 Moon Well
01:51 Hunter's Hall
02:08 Ancient of War
02:25 Ancient of War
02:46 Moon Well
03:52 Tree of Ages
04:30 Moon Well
07:41 Ancient of Wind
08:40 Moon Well
08:54 Moon Well
09:22 Moon Well
10:05 Ancient Protector
10:55 Ancient Protector
11:03 Altar of Elders
12:27 Moon Well
12:28 Moon Well
freejack (
red | 55 APM | 977 actions | 17:44)
2 Mountain King
1 Storm Bolt
1 Thunder Clap
2 Paladin
1 Holy Light
1 Devotion Aura
1 Archmage
1 Blizzard
» actions
| Build / train | 57 | |
| Enter build submenu | 22 | |
| Enter hero's abilities submenu | 5 | |
| Right click | 488 | |
| Select / deselect | 336 | |
| Use ability | 69 | |
977 total
» units
| Peasant | 23 | |
| Rifleman | 11 | |
| Priest | 3 | |
37 total
» upgrades
| Gunpowder | 2 | |
| Armor | 1 | |
| Long Rifles | 1 | |
| Priest Training | 1 | |
5 total
» buildings
| Farm | 8 | |
| Altar of Kings | 1 | |
| Arcane Vault | 2 | |
| Barracks | 2 | |
| Blacksmith | 1 | |
| Keep | 1 | |
| Castle | 1 | |
| Arcane Sanctum | 1 | |
| Lumber Mill | 1 | |
18 total
» build order
00:24 Farm
00:54 Altar of Kings
01:26 Farm
01:31 Arcane Vault
01:39 Barracks
02:27 Barracks
02:44 Farm
03:41 Blacksmith
04:05 Keep
05:08 Farm
05:52 Farm
08:44 Arcane Vault
10:01 Castle
10:05 Farm
10:06 Farm
10:27 Farm
12:40 Arcane Sanctum
14:38 Lumber Mill
» items
| Lesser Clarity Potion | 3 | |
| Potion of Mana | 1 | |
| Potion of Healing | 1 | |
5 total

»
zoosklyfe (
blue | 46 APM | 856 actions | 18:42)
4 Blademaster
3 Wind Walk
1 Critical Strike
4 Shadow Hunter
2 Healing Wave
2 Hex
» actions
| Build / train | 47 | |
| Enter build submenu | 25 | |
| Enter hero's abilities submenu | 8 | |
| Give item / drop item | 1 | |
| Right click | 530 | |
| Select / deselect | 202 | |
| Use ability | 43 | |
856 total
» units
| Peon | 13 | |
| Grunt | 3 | |
| Wind Rider | 4 | |
| Demolisher | 1 | |
| Troll Batrider | 8 | |
29 total
» upgrades
| Armor | 1 | |
| Ranged Weapons | 1 | |
| Liquid Fire | 1 | |
3 total
» buildings
| Altar of Storms | 1 | |
| Orc Burrow | 8 | |
| Barracks | 1 | |
| Voodoo Lounge | 1 | |
| Stronghold | 1 | |
| War Mill | 1 | |
| Beastiary | 2 | |
| Fortress | 1 | |
| Watch Tower | 6 | |
| Spirit Lodge | 1 | |
| Great Hall | 2 | |
25 total
» build order
00:08 Altar of Storms
00:13 Orc Burrow
00:51 Barracks
01:21 Voodoo Lounge
01:49 Orc Burrow
02:58 Stronghold
03:16 War Mill
04:10 Orc Burrow
05:25 Beastiary
06:20 Beastiary
06:31 Orc Burrow
07:27 Orc Burrow
08:21 Orc Burrow
08:45 Fortress
09:13 Watch Tower
09:56 Orc Burrow
10:47 Spirit Lodge
10:56 Orc Burrow
13:29 Great Hall
13:53 Great Hall
14:44 Watch Tower
15:12 Watch Tower
15:48 Watch Tower
17:10 Watch Tower
17:14 Watch Tower
» items
| Healing Salve | 1 | |
| Lesser Clarity Potion | 1 | |
| Orb of Lightning | 1 | |
3 total
Chat log
(00:15 / Allies) zoosklyfe: cc?
(00:18 / Allies) zoosklyfe: or rush
(00:19 / Allies) TheDylz: sure
(00:25 / Allies) zoosklyfe: k
(00:36 / Allies) TheDylz: maybe harass a little
(00:41 / Allies) zoosklyfe: kk
(00:44 / Allies) TheDylz: fast hunts?
(00:47 / Allies) TheDylz: or archers tech
(01:00 / Allies) zoosklyfe: ill harass with BM
(01:21 / All) LIFE-IS-STRANGE: teenage mutant ninja turtles vs ghostbusters. better cartoon tv show?
(01:28 / All) sadomator: TMNT
(01:31 / All) MarvelSuxDC_FTW: TMNT no contest
(01:52 / All) LIFE-IS-STRANGE: that show was awesome
(06:12 / Allies) TheDylz: fuc
(08:21 / Allies) AgainstItAll: noobs
(09:14 / Allies) AgainstItAll: he has towers what am I gonna do
(09:16 / Allies) AgainstItAll: just sack him
(09:17 / Allies) AgainstItAll: expo
(09:23 / Allies) AgainstItAll: and don't panic and make stupid decisions
(10:59 / Allies) AgainstItAll: just sack him
(11:10 / Allies) AgainstItAll: he's noob trash that got tower rushed anyway
(11:23 / Allies) TheDylz: yeah cause guys like purp no help
(11:25 / Allies) TheDylz: fuck you nigga
(11:29 / Allies) TheDylz: go play solo
(11:30 / Allies) TheDylz: bitch
(11:32 / Allies) AgainstItAll: what am I going to do, you got towered
(11:36 / Allies) AgainstItAll: I don't have anything to kill it little sissy boy
(11:45 / Allies) TheDylz: maybe if you were here half hour ago
(11:49 / Allies) TheDylz: it wouldnt be too late
(11:56 / Allies) AgainstItAll: keep whining boi
(12:09 / Allies) TheDylz: i aint whining
(12:12 / Allies) AgainstItAll: yeh you are
(12:14 / Allies) TheDylz: and dont call me boy son
(12:21 / Allies) AgainstItAll: I'll call you what I want cunt boy
(12:41 / Allies) AgainstItAll: what you gonna do, whine more bitch boy?
(12:59 / Allies) TheDylz: haha no its a game i aint whining
(13:01 / Allies) TheDylz: we lost
(13:03 / Allies) TheDylz: bye
(13:05 / All) TheDylz: gg
(17:58 / All) MarvelSuxDC_FTW: fucking raped by a panda lol
(18:30 / All) MarvelSuxDC_FTW: damn
(18:33 / All) MarvelSuxDC_FTW: I only got 3k gold now
(19:31 / All) MarvelSuxDC_FTW: scrubs
(20:11 / All) MarvelSuxDC_FTW: keshsa is not just a shitty female rapper
(20:18 / All) MarvelSuxDC_FTW: it's also a badass pandaran brewmaster
(20:33 / All) MarvelSuxDC_FTW: Damn
(20:36 / All) MarvelSuxDC_FTW: I got this badass panda
(20:38 / All) MarvelSuxDC_FTW: and no enemies now
(21:37 / All) AgainstItAll: raped pink lol
(22:18 / All) LIFE-IS-STRANGE: LOL
(24:03 / All) MarvelSuxDC_FTW: pink likes roc because of big meanies like me
(24:08 / All) MarvelSuxDC_FTW: who remind him of his gay dad that raped him
(24:15 / All) LIFE-IS-STRANGE: pink I think, killed oj
(24:24 / All) LIFE-IS-STRANGE: pink why did you kill oj
(24:34 / All) sadomator: rush top, green has only wells
(24:41 / All) LIFE-IS-STRANGE: pink as ur punishment
(24:45 / All) LIFE-IS-STRANGE: u get to only keep one fiend
(24:54 / All) sadomator: expo near red, and expo near blue
(25:49 / All) MarvelSuxDC_FTW: haha see ya
(26:02 / All) LIFE-IS-STRANGE: orange stop dicking around
(26:04 / All) LIFE-IS-STRANGE: lets finish blue
(26:24 / All) LIFE-IS-STRANGE: i told u man, it was a mistake
(26:37 / All) LIFE-IS-STRANGE: come on man
(26:39 / All) LIFE-IS-STRANGE: help finish blue
(27:06 / All) LIFE-IS-STRANGE: my army and pink's lone wolf fiend are gonna assault blue
(28:04 / All) MarvelSuxDC_FTW: molsted
(28:08 / All) MarvelSuxDC_FTW: haha
(28:12 / All) LIFE-IS-STRANGE: lawl
(28:13 / All) MarvelSuxDC_FTW: you got shat on
(28:20 / All) LIFE-IS-STRANGE: that was a trump hilary rape
(28:21 / All) AgainstItAll: wow
(28:25 / All) AgainstItAll: this game was smooth
(28:31 / All) AgainstItAll: no struggle at all
(28:36 / All) AgainstItAll: they just laid back and took their raping
(28:37 / All) MarvelSuxDC_FTW: I hate how easy your team gave up
(28:42 / All) MarvelSuxDC_FTW: when I got this badass high level panda
(28:43 / All) rNz: ffa
(28:47 / All) MarvelSuxDC_FTW: red got molested
(29:03 / All) rNz: whos winning
(29:05 / All) LIFE-IS-STRANGE: i shouldnt have tp staffed to greens panda he was raping reds army
(29:06 / All) rNz: green or teal?
(29:08 / All) LIFE-IS-STRANGE: 2heroes 10 rifles
(29:59 / All) LIFE-IS-STRANGE: lawl
(30:00 / All) AgainstItAll: gonna alt tab unless you want me to kill something
(30:02 / All) LIFE-IS-STRANGE: pink u still have a fiend
(30:04 / All) LIFE-IS-STRANGE: rihgt?
(30:09 / All) MarvelSuxDC_FTW: kill my base please
(30:32 / All) MarvelSuxDC_FTW: I only got hippos
(30:43 / All) LIFE-IS-STRANGE: got raiders
(30:44 / All) LIFE-IS-STRANGE: gave control
(30:51 / All) MarvelSuxDC_FTW: kill my base pal
(30:56 / All) AgainstItAll: k
(31:12 / All) LIFE-IS-STRANGE: well me giving control implies ...........tee hee
(31:40 / All) rNz: i pretty much won this game
(31:48 / All) AgainstItAll: "pretty much" lol no
(31:51 / All) LIFE-IS-STRANGE: hes right kinda
(31:54 / All) LIFE-IS-STRANGE: lets give him a chance
(31:55 / All) AgainstItAll: you are going to leave with a big fat DEFEAT! screen pal
(31:56 / All) LIFE-IS-STRANGE: at a win
(32:04 / All) rNz: lol
(32:09 / All) rNz: what matter is
(32:12 / All) MarvelSuxDC_FTW: trees are so much faster with that upgrade
(32:12 / All) rNz: self conciounes
(32:59 / All) LIFE-IS-STRANGE: look at my 2 towers they gonna kill each other at same time
(33:21 / All) MarvelSuxDC_FTW: 1 will survive
(33:36 / All) LIFE-IS-STRANGE: lawl
(33:38 / All) LIFE-IS-STRANGE: almost
(33:57 / All) AgainstItAll: my army rapes so hard but I only got to kill pink
(34:15 / All) AgainstItAll: It's not fun raping so many players whenb they put up no struggle
(34:30 / All) MarvelSuxDC_FTW: red got destroyed, blue was next
(34:31 / All) LIFE-IS-STRANGE: damn
(34:34 / All) MarvelSuxDC_FTW: but they left like lil bitches
(34:35 / All) LIFE-IS-STRANGE: 300 plus 240 crit
(34:40 / All) LIFE-IS-STRANGE: 540 dam in like .5 sec
(35:03 / All) MarvelSuxDC_FTW: last building whenver you want to end
(35:09 / All) MarvelSuxDC_FTW: Orange and pink are still here
(35:12 / All) AgainstItAll: any last words for us, pink and orange?
(35:13 / All) MarvelSuxDC_FTW: The worst players on our team
(35:19 / All) LIFE-IS-STRANGE: i gave control to oj and pink
(35:23 / All) LIFE-IS-STRANGE: the yare kiling my heroes items
(36:07 / All) AgainstItAll: anything to say to us?
(36:08 / All) AgainstItAll: 10
(36:09 / All) AgainstItAll: 9
(36:11 / All) AgainstItAll: 8
(36:12 / All) AgainstItAll: 7
(36:13 / All) AgainstItAll: 6
(36:14 / All) AgainstItAll: 5
(36:16 / All) AgainstItAll: 4
(36:17 / All) AgainstItAll: 3
(36:18 / All) AgainstItAll: 2
(36:19 / All) AgainstItAll: 1
(36:20 / All) rNz: =D
(36:22 / All) AgainstItAll: well, guess not